 Dungeon Crawl Stone Soup version 0.31-a0-1074-g0b22e4e0f1 (webtiles) character file.

Game seed: 1073387826733973043

56 Spaninq the Chopper (level 3, -2/34 HPs)
             Began as a Hill Orc Cinder Acolyte on Nov 26, 2023.
             Was a High Priest of Ignis.
             Slain by Grinder (6 damage)
             ... while paralysed by Grinder
             ... on level 3 of the Dungeon.
             The game lasted 00:04:01 (1739 turns).

Spaninq the Chopper (Hill Orc Cinder Acolyte)       Turns: 1739, Time: 00:04:02

Health: -2/34      AC:  5    Str: 18    XL:     3   Next: 95%
Magic:  1/4        EV:  2    Int: 14    God:    Ignis [*****.]
Gold:   104        SH:  0    Dex:  6    Spells: 2/4 levels left

rFire   + . .        a - -1 hand axe (flame)
rCold   . . .        (no shield)
rNeg    . . .        h - +0 leather armour
rPois   .            f - +0 hat
rElec   .            b - +1 cloak
rCorr   .            (no gloves)
SInv    .            (no boots)
Will    .....        (no amulet)
Stlth   +            (no ring)
HPRegen 0.25/turn    (no ring)
MPRegen 0.09/turn

%: no passive effects
@: paralysed
A: no striking features
a: Renounce Religion, Fiery Armour, Foxfire Swarm, Rising Flame


You were on level 3 of the Dungeon.
You worshipped Ignis.
Ignis was extremely pleased with you.
You visited 1 branch of the dungeon, and saw 3 of its levels.

You collected 104 gold pieces.

Inventory:

Hand Weapons
 a - a -1 hand axe of flaming (weapon)
Armour
 b - a +1 cloak (worn)
 f - a +0 hat (worn)
 h - a +0 leather armour (worn)
Scrolls
 c - a scroll of immolation {unknown}
 d - a scroll of teleportation {unknown}
 e - a scroll of identify {unknown}
 i - a scroll of torment {unknown}
 k - a scroll of butterflies {unknown}
Potions
 g - a potion of curing {unknown}
 j - a potion of mutation {unknown}


   Skills:
 + Level 4.7 Fighting
 + Level 5.2 Axes
 - Level 1.0 Spellcasting
 - Level 3.2 Fire Magic


You had 2 spell levels left.
You knew the following spells:

 Your Spells              Type           Power      Damage    Failure   Level
a - Scorch                Fire           18%        2d5       12%         2

Your spell library contained the following spells:

 Spells                   Type           Power      Damage    Failure   Level


Dungeon Overview and Level Annotations

Branches:
Dungeon (3/15)

Altars:

Annotations:
D:3 Grinder


Message History

Confirm with . or Enter, or press ? or * to list all spells.
You miscast Scorch.
You are very lightly contaminated with residual magic.
Nothing appears to happen.
Grinder closely misses you.
You hit Grinder. You burn Grinder.
Grinder is heavily wounded.
Grinder closely misses you.
An orc comes into view. It is wielding a +0 whip.
You hit Grinder. You burn Grinder.
Grinder is severely wounded.
Grinder gestures at you. You resist with significant effort.
You barely miss Grinder.
Grinder is severely wounded.
Grinder closely misses you.
You hit Grinder. You burn Grinder.
Grinder is severely wounded.
Grinder completely misses you.
You hit Grinder but do no damage.
Grinder is severely wounded.
Grinder hits you!
You writhe in agony.
You hit Grinder. You burn Grinder.
Grinder is almost dead.
Grinder gestures at you. Pain shoots through your body!
You hit Grinder. You burn Grinder.
Grinder is almost dead.
Grinder gestures at you.
You suddenly lose the ability to move!
Grinder gestures at you. Pain shoots through your body!
* * * LOW HITPOINT WARNING * * *
Your magical contamination has completely faded away.
Grinder hits you.
* * * LOW HITPOINT WARNING * * *
You writhe in agony.
* * * LOW HITPOINT WARNING * * *
Grinder hits you.
You die...
Grinder says, "Now the real fun starts!"

#####.#..##
# #.##..# #
#..##.# ..
##.##.###.#
#........#
###.....##
#..##...#
#.## ...
#@# . #5#
...o...o#
.....####
..5. ... ##


You could see Grinder and an orc.

Vanquished Creatures
  A worm (D:2)
  2 dart slugs (D:1)
  An orc (D:3)
  A ball python (D:2)
  3 bats
  4 endoplasms
  3 giant cockroaches (D:1)
  3 goblins (D:1)
  5 hobgoblins
  2 jackals (D:3)
  4 kobolds
  3 quokkas (D:1)
  4 frilled lizards
  7 rats
43 creatures vanquished.

Notes
Turn   | Place    | Note
-------+----------+-------------------------------------------
     0 | D:1      | Spaninq the Hill Orc Cinder Acolyte began the quest for the
                  | Orb.
     0 | D:1      | Reached XP level 1. HP: 19/19 MP: 2/2
    15 | D:1      | Found a faded altar of an unknown god.
   105 | D:1      | Reached XP level 2. HP: 9/27 MP: 3/3
   110 | D:1      | Learned a level 2 spell: Scorch
   444 | D:1      | Reached XP level 3. HP: 34/34 MP: 4/4
   704 | D:1      | Reached skill level 5 in Axes
  1715 | D:3      | Noticed Grinder
  1737 | D:3      | Paralysed by Grinder for 5 turns
  1739 | D:3      | Slain by Grinder

Illustrated notes

Levels and vault maps discovered:
D:1:      ldierk_walled_garden_2, layout_loops_ring,
          shapermc_ecumenical_altar_venn
D:2:      layout_loops_cross, minmay_misc_feat_enclosed
D:3:      layout_rooms, uniq_grinder

Skill      XL: |  1  2  3 |
---------------+----------+-----
Fighting       | 4 |  4.7
Axes           | 5 |  5.2
Spellcasting   | |  1.0
Fire Magic     | |  3.2

Action                     || total
---------------------------++-------
  Melee: Hand axe          ||   158
         Punch             ||     1
   Cast: Scorch            ||     2
 Armour: Robe              ||    32
         Leather armour    ||    46
  Dodge: Dodged            ||    91

Table legend: (Time is in decaauts)
 A = Elapsed time spent in this place.
 B = Non-inter-level travel time spent in this place.
 C = Inter-level travel time spent in this place.
 D = Time resting spent in this place.
 E = Time spent auto-exploring this place.
 F = Levels seen in this place.
 G = Mean time per level.
                   A        B        C        D        E       F      G
               +--------+--------+--------+--------+--------+-----+--------+
         Total |   1754 |   1703 |     51 |      0 |   1294 |   3 |  584.7 |
       Dungeon |   1754 |   1703 |     51 |      0 |   1294 |   3 |  584.7 |
               +--------+--------+--------+--------+--------+-----+--------+

Top non-repeatable levels by time:
     D:1: 937 daAuts
     D:2: 624 daAuts
     D:3: 191 daAuts
